 Dungeon Crawl Stone Soup version 0.22-a0-354-g30dfbe6 (webtiles) character file.

23284 Klosterheim the Grappler (level 12, 0/92 HPs)
             Began as a Red Draconian Transmuter on Apr 17, 2018.
             Was a Believer of Uskayaw.
             Slain by a wolf spider (10 damage)
             ... on level 4 of the Lair of Beasts.
             The game lasted 00:59:05 (19715 turns).

Klosterheim the Grappler (DrTm)                    Turns: 19715, Time: 00:59:05

Health: 0/92       AC: 11    Str: 16    XL:     12   Next: 70%
Magic:  0/23       EV: 20    Int: 17    God:    Uskayaw [**....]
Gold:   893        SH:  0    Dex: 12    Spells: 10/26 levels left

rFire    + + .     SeeInvis +     - Unarmed
rCold    + . .     Gourm    .   (shield currently unavailable)
rNeg     . . .     Faith    .   (armour unavailable)
rPois    +         Spirit   +   B - +1 hat {SInv}
rElec    +         Reflect  .   y - +1 cloak
rCorr    +         Harm     .   (gloves currently unavailable)
MR       +....                  (no boots)
Stlth    +.........             p - amulet of guardian spirit
HPRegen  0.25/turn              b - +6 ring of evasion
MPRegen  0.18/turn              t - ring of protection from magic

@: about to teleport, blade hands, resistant
A: breathe fire, unfitting armour, blink, fire resistance 1, frail 1, poison
resistance, strong 1, cold-blooded, AC +8
a: Breathe Fire, End Transformation, Blink, Stomp, Line Pass, Renounce Religion


You were on level 4 of the Lair of Beasts.
You worshipped Uskayaw.
Uskayaw was noncommittal.
You were not hungry.
You had blades for hands.
You visited 3 branches of the dungeon, and saw 17 of its levels.
You also visited: Labyrinth.

You collected 919 gold pieces.
You spent 26 gold pieces at shops.

Inventory:

Hand Weapons
 A - the +6 longbow "Tueqori" {velocity, rN+ MR+ Int+4 Dex+2}
   (You found it in a labyrinth)

   Any arrow fired from it inflicts extra damage.
   It affects your intelligence (+4).
   It affects your dexterity (+2).
   It protects you from negative energy.
   It affects your resistance to hostile enchantments.
Missiles
 a - 361 arrows
Armour
 y - a +1 cloak (worn)
 B - a +1 hat of see invisible (worn)
Jewellery
 b - a +6 ring of evasion (left scythe-like blade)
 p - an amulet of guardian spirit (around neck)
 t - a ring of protection from magic (right scythe-like blade)
Wands
 j - a wand of acid (4)
 m - a wand of iceblast (6)
 r - a wand of paralysis (47)
 w - a wand of digging (31)
 x - a wand of flame (46)
 z - a wand of enslavement (11)
Scrolls
 d - 5 scrolls of teleportation
 f - a scroll of fog
 h - 4 scrolls of identify
 l - 2 scrolls of noise
 o - 2 scrolls of enchant weapon
 q - 9 scrolls of remove curse
 u - 2 scrolls of magic mapping
 E - a scroll of enchant armour
Potions
 e - 2 potions of mutation
 g - 6 potions of curing
 i - 2 potions of haste
 k - a potion of brilliance
 n - 2 potions of flight
 s - a potion of lignification
 C - a potion of might
Comestibles
 c - 14 rations
 D - 4 chunks of flesh


   Skills:
 + Level 8.5 Fighting
 + Level 5.5 Dodging
   Level 1.8 Shields
 * Level 11.7 Unarmed Combat
 + Level 7.7 Spellcasting
 * Level 11.5 Transmutations
 * Level 7.1 Invocations


You had 10 spell levels left.
You knew the following spells:

 Your Spells              Type           Power        Failure   Level  Hunger
a - Confusing Touch       Hex            #.....       47%         1    None
b - Sticks to Snakes      Tmut           #####...     8%          2    None
c - Spider Form           Tmut/Pois      ####......   26%         3    #......
d - Blade Hands           Tmut           #####.....   24%         5    #####..
e - Apportation           Tloc           #.....       47%         1    None
f - Petrify               Tmut/Erth      ####....     45%         4    ###....


Dungeon Overview and Level Annotations

Branches:
Dungeon (12/15)            Temple (1/1) D:4            Lair (4/6) D:11
 Spider (0/4) Lair:4          Orc (0/2) D:10
  Swamp: Lair:2-4    Shoals: Lair:2-4

Altars:
Ashenzari
Cheibriados
Dithmenos
Elyvilon
Fedhas
Gozag
Hepliaklqana
Kikubaaqudgha
Makhleb
Nemelex Xobeh
Okawaru
Qazlal
Ru
Sif Muna
Trog
Uskayaw
Vehumet
Wu Jian
Xom
Yredelemnul
Zin
The Shining One
Beogh

Shops:
D:4 *   D:8 }

Annotations:
D:2 2 transporters, Menkaure
Lair:3 exclusion: 2 oklob plants


Innate Abilities, Weirdness & Mutations

You can breathe blasts of fire.
Your fiery red scales are hard. (AC +8)
You cannot fit into any form of body armour.
Your flesh is heat resistant. (rF+)
You are cold-blooded and may be slowed by cold attacks.
You can translocate small distances at will.
You are frail. (-10% HP)
Your system is resistant to poisons. (rPois)
Your muscles are strong. (Str +2)


Message History

The wolf spider is heavily wounded.
The wolf spider closely misses you. The wolf spider barely misses you.
You hit the wolf spider. You slash the wolf spider!
The wolf spider is severely wounded.
The wolf spider hits you!
* * * LOW HITPOINT WARNING * * *
The wolf spider closely misses you.
You can now pass through a line of other dancers.
You slash the wolf spider!
Your tail-slap misses the wolf spider.
The wolf spider is almost dead.
The wolf spider hits you!
* * * LOW HITPOINT WARNING * * *
The wolf spider bites you.
* * * LOW HITPOINT WARNING * * *
The wolf spider closely misses you.
The wolf spider bites you but does no damage.
As you read the scroll of teleportation, it crumbles to dust.
You feel strangely unstable.
The jumping spider leaps!
The wolf spider hits you!
You die...

.....#.........# ..^.#
.....P.........#.^...#
...).....##...##^^.#
..........##.##^..#
..........##.....#
.....#.....#ยง.s..#..
..........P#s........
...........#s####...#
..........###@# #..#
..........# ##.# ..#
.........## #.# .#
..........# #.# #
..........# #..
........### P..
.....#...# ...
....##.<## ..
........#


You could see a wolf spider and a redback.

Vanquished Creatures
  Gastronok (Lair:1)
  A minotaur (Lab)
  Erolcha (D:9)
  The ghost of bazoo the Cleaver, a journeyman HuWn of Fedhas (D:10)
  An unseen horror (D:11)
  A deep elf mage (D:11)
  2 cyclopes (D:11)
  A black mamba (Lair:3)
  5 elephants (Lair:3)
  4 spiny frogs
  5 komodo dragons
  Prince Ribbit (D:6)
  2 hippogriffs
  3 blink frogs (Lair:3)
  4 hogs (D:7)
  4 basilisks
  A human (D:7)
  4 wyverns
  7 yaks (D:11)
  4 vampire mosquitoes (D:10)
  8 water moccasins
  7 porcupines
  An ice beast (D:5)
  4 sky beasts
  2 black bears
  8 orc warriors
  10 centaurs
  4 ogres
  6 wolves (Lair:3)
  An eye of draining (D:10)
  3 phantoms
  7 crocodiles
  3 big kobolds
  16 bullfrogs
  4 scorpions
  A killer bee (D:6)
  12 wights
  2 howler monkeys
  A centaur zombie (D:4)
  A crimson imp (D:6)
  2 jellies
  A quasit (D:10)
  6 hounds
  5 orc priests
  7 orc wizards
  Natasha (twice) (D:3)
  An iguana (D:5)
  10 worker ants
  A hound skeleton (D:4)
  2 gnolls
  11 adders
  A river rat (Lair:3)
  A shadow imp (D:9)
  3 worms
  3 dart slugs
  A leopard gecko (D:3)
  58 orcs
  7 giant cockroaches
  9 goblins
  7 hobgoblins
  4 jackals
  17 kobolds
  9 quokkas
  4 ball pythons
  13 bats
  6 frilled lizards
  A jackal skeleton (D:4)
  A leopard gecko skeleton (D:6)
  A quokka zombie (D:5)
  9 rats
357 creatures vanquished.

Vanquished Creatures (collateral kills)
  An ogre (D:4)
  Blork the orc (D:6)
  2 killer bees (D:6)
  2 wights (D:5)
  An orc wizard (D:9)
  Natasha (D:3)
  An adder (D:6)
  A quokka (D:4)
10 creatures vanquished.

Vanquished Creatures (others)
  A centaur (D:12)
  An orc wizard (D:9)
  22 fungi
  4 plants (D:11)
28 creatures vanquished.

Grand Total: 395 creatures vanquished

Notes
Turn   | Place    | Note
-------+----------+-------------------------------------------
     0 | D:1      | Klosterheim the Draconian Transmuter began the quest for the Orb.
     0 | D:1      | Reached XP level 1. HP: 16/16 MP: 3/3
   153 | D:1      | Reached XP level 2. HP: 19/23 MP: 5/5
   656 | D:1      | Reached XP level 3. HP: 15/28 MP: 6/6
  1268 | D:2      | Learned a level 2 spell: Sticks to Snakes
  1306 | D:2      | Reached XP level 4. HP: 33/36 MP: 7/7
  1404 | D:2      | Found a transporter.
  1418 | D:2      | Found a transporter.
  1459 | D:2      | Found an ancient bone altar of Kikubaaqudgha.
  1468 | D:2      | Noticed Menkaure
  1471 | D:2      | Found a basalt altar of Yredelemnul.
  2375 | D:3      | Noticed Natasha
  2413 | D:3      | Killed Natasha
  2413 | D:3      | Reached XP level 5. HP: 32/41 MP: 7/9
  2844 | D:3      | Found an iron altar of Okawaru.
  2978 | D:3      | Found a radiant altar of Vehumet.
  3095 | D:3      | Noticed Natasha
  3107 | D:3      | Killed Natasha
  3203 | D:3      | Found an iron altar of Okawaru.
  3220 | D:3      | Noticed Natasha
  3229 | D:3      | Killed Natasha
  3397 | D:4      | Noticed an ogre
  3433 | D:4      | Killed an ogre
  3433 | D:4      | Reached XP level 6. HP: 50/50 MP: 8/10
  3500 | D:4      | Learned a level 3 spell: Spider Form
  3913 | D:4      | Found a staircase to the Ecumenical Temple.
  4089 | D:4      | Reached skill level 5 in Unarmed Combat
  4180 | D:4      | Found Muhuaf's General Store.
  4191 | D:4      | Bought a scroll of identify for 26 gold pieces
  4427 | Temple   | Entered the Ecumenical Temple
  4667 | Temple   | Became a worshipper of Uskayaw the Reveler
  4767 | D:5      | Entered Level 5 of the Dungeon
  4828 | D:5      | Noticed an ice beast
  4865 | D:5      | Reached * piety under Uskayaw
  4870 | D:5      | Your scales start taking on a fiery red colour.
  4870 | D:5      | Reached XP level 7. HP: 54/57 MP: 6/12
  4870 | D:5      | Gained mutation: Your flesh is heat resistant. (rF+) [Red Draconian growth]
  5084 | D:5      | Reached skill level 5 in Transmutations
  5134 | D:5      | Reached ** piety under Uskayaw
  5138 | D:5      | Reached *** piety under Uskayaw
  5286 | D:6      | Identified a scroll of acquirement
  5286 | D:6      | Identified the Papyrus of the Cloudy Glacier (You acquired it on level 6 of the Dungeon)
  5684 | D:6      | Reached XP level 8. HP: 65/66 MP: 6/14
  5741 | D:6      | Noticed Blork the orc
  5758 | D:6      | Killed Blork the orc
  5807 | D:6      | Found a stormy altar of Qazlal.
  6002 | D:6      | Found a sand-covered staircase.
  6062 | D:6      | Noticed Prince Ribbit
  6099 | D:6      | Killed Prince Ribbit
  7599 | D:6      | Reached skill level 5 in Fighting
  7850 | D:7      | Reached XP level 9. HP: 62/74 MP: 11/16
  7985 | D:7      | Found a burning altar of Makhleb.
  8097 | D:7      | Found an ornate altar of the Wu Jian Council.
  8308 | D:7      | Reached skill level 5 in Spellcasting
  8458 | D:7      | Reached **** piety under Uskayaw
  8840 | D:8      | Found an opulent altar of Gozag.
  9022 | D:8      | Reached skill level 1 in Invocations
  9713 | D:7      | Reached XP level 10. HP: 56/83 MP: 11/18
  9845 | D:8      | Learned a level 5 spell: Blade Hands
  9938 | D:8      | Found Anew's Gadget Boutique.
 10873 | D:8      | Found a roughly hewn altar of Beogh.
 11376 | D:9      | Found a glowing silver altar of Zin.
 11419 | D:9      | Noticed Erolcha
 11427 | D:9      | Killed Erolcha
 11604 | D:9      | Found a deep blue altar of Sif Muna.
 12013 | D:9      | Found a hazy altar of Hepliaklqana.
 12013 | D:9      | Found a bloodstained altar of Trog.
 12014 | D:9      | Found a white marble altar of Elyvilon.
 12130 | D:9      | Found a shadowy altar of Dithmenos.
 12178 | D:10     | Entered Level 10 of the Dungeon
 12179 | D:10     | Noticed bazoo's ghost (journeyman HuWn)
 12189 | D:10     | Killed bazoo's ghost
 12796 | D:10     | Found a staircase to the Orcish Mines.
 13250 | D:10     | Reached XP level 11. HP: 87/92 MP: 18/20
 13460 | D:10     | Reached skill level 10 in Unarmed Combat
 13711 | D:11     | Found a labyrinth entrance.
 13718 | Lab      | Entered a labyrinth
 13865 | Lab      | Noticed a minotaur
 13875 | Lab      | Killed a minotaur
 13879 | Lab      | Got an encrusted longbow
 14000 | D:11     | Identified the +6 longbow "Tueqori" {velocity, rN+ MR+ Int+4 Dex+2} (You found it in a labyrinth)
 14030 | D:11     | Found a staircase to the Lair.
 14047 | D:11     | Reached skill level 10 in Transmutations
 14095 | D:11     | Reached ***** piety under Uskayaw
 14097 | D:11     | Reached skill level 1 in Shields
 14199 | D:11     | Noticed a deep elf mage
 14211 | D:11     | Killed a deep elf mage
 14680 | D:11     | Killed an unseen horror
 15405 | D:11     | Learned a level 1 spell: Confusing Touch
 15407 | D:11     | Learned a level 1 spell: Apportation
 15677 | Lair:1   | Entered Level 1 of the Lair of Beasts
 15679 | Lair:1   | Noticed an eight-headed hydra
 15689 | D:11     | Learned a level 4 spell: Petrify
 16098 | Lair:1   | Reached skill level 5 in Invocations
 16626 | Lair:1   | Noticed Gastronok
 16742 | Lair:1   | Killed Gastronok
 16742 | Lair:1   | Reached XP level 12. HP: 83/101 MP: 13/22
 17042 | Lair:1   | Reached skill level 5 in Dodging
 17491 | Lair:2   | Noticed an eight-headed hydra
 18111 | Lair:3   | Reached ****** piety under Uskayaw
 19696 | Lair:4   | Found a hole to the Spider Nest.
 19709 | Lair:4   | Gained mutation: You are frail. (-10% HP) [potion of mutation]
 19709 | Lair:4   | Gained mutation: Your system is resistant to poisons. (rPois) [potion of mutation]
 19709 | Lair:4   | Gained mutation: You can translocate small distances at will. [potion of mutation]
 19709 | Lair:4   | Gained mutation: Your muscles are strong. (Str +2) [potion of mutation]
 19715 | Lair:4   | Slain by a wolf spider

Vault maps used:
D:1:      saegor_arrival_simple_a
D:2:      gammafunk_temple_of_torment
D:3:      marbit_many_paths, lemuel_round_altar, first_ration,
          dk_noncrumbling_3, uniq_natasha
D:4:      minmay_wonky_spiral, minmay_temple_entry_overgrown, serial_shops,
          shop_coins, minmay_quantized
D:6:      lemuel_crystal_altar, lightli_ossuary_entry_decrepit_ruins,
          uniq_prince_ribbit1, uniq_blork_the_orc
D:7:      lemuel_doored_altar, basic_altar, grunt_livestock
D:8:      nicolae_gozag_seed_capital, special_room, serial_shops, shop_fountains
D:9:      led_sif_book, overflow_temple_1_default,
          gammafunk_temple_overflow_forgotten, grunt_dithmenos_shadows,
          uniq_erolcha
D:10:     hiddenorc1_lemuel
D:11:     due_lair_maze_entry_diamond, lab_entry_generic
D:12:     serial_shops, kennysheep_mini
Temple:   jpeg_temple_alley_garden
Lair:1:   minivault_23, st_stairs_7, grunt_megastairs_3, uniq_gastronok
Lair:2:   grunt_megastairs_5, lemuel_fruit_tree, uniq_erica
Lair:3:   pond, minmay_lair_oklob_chamber, serial_bayou_shore_b
Lair:4:   shoals_dummy_entry, spider_nest_entry_funnel_web, uniq_snorg,
          uniq_urug
Lab:      nicolae_lab_quarters, nicolae_lab_blocks

Skill      XL: |  1  2  3  4  5  6  7  8  9 10 11 12 |
---------------+-------------------------------------+-----
Fighting       | 2 3 4 5 6 7 8 |  8.5
Transmutations | 3 4 5 7 8 9 10 11 | 11.5
Unarmed Combat | 4 5 6 7 8 9 11 | 11.7
Spellcasting   | 3 4 5 6 7 |  7.7
Dodging        | 2 3 4 5 |  5.5
Invocations    | 1 3 5 7 |  7.1
Shields        | 1 |  1.8

Action                   |  1- 3 |  4- 6 |  7- 9 | 10-12 || total
-------------------------+-------+-------+-------+-------++-------
Melee: Unarmed           |   183 |   235 |   373 |   740 ||  1531
       Tailslap          |    13 |    18 |    33 |    71 ||   135
       Kick              |     3 |     9 |       |       ||    12
       Headbutt          |       |     4 |     2 |       ||     6
       Punch             |       |     3 |     8 |    30 ||    41
 Cast: Beastly Appendage |     3 |     9 |     1 |       ||    13
       Sticks to Snakes  |       |    12 |    19 |     7 ||    38
       Spider Form       |       |       |    15 |     2 ||    17
       Blade Hands       |       |       |       |    34 ||    34
       Confusing Touch   |       |       |       |     3 ||     3
       Petrify           |       |       |       |     2 ||     2
Invok: Line Pass         |       |       |     2 |     3 ||     5
       Stomp             |       |       |     3 |     2 ||     5
 Abil: Breathe Fire      |       |       |     5 |     2 ||     7
Evoke: Wand              |       |       |       |     4 ||     4
  Use: Scroll            |       |    12 |     7 |    12 ||    31
       Potion            |       |     1 |       |     5 ||     6
 Stab: Distracted        |       |     1 |     2 |     1 ||     4
       Paralysed         |       |       |     6 |    29 ||    35
       Confused          |       |       |     1 |     1 ||     2
       Sleeping          |       |       |     1 |     1 ||     2
       Petrifying        |       |       |       |     2 ||     2
       Petrified         |       |       |       |     2 ||     2
  Eat: Chunk             |     2 |    11 |    13 |    29 ||    55
       Ration            |       |       |     2 |     5 ||     7
Armor: Skin              |    60 |    49 |    42 |   137 ||   288
Dodge: Dodged            |   125 |   179 |   324 |   666 ||  1294
Block: Buckler           |       |       |       |     1 ||     1

Table legend:
 A = Spawn XP
 B = Non-spawn XP
 C = Spawn XP percentage of total XP
 D = Spawn monster count
 E = Non-spawn monster count
 F = Spawn count percentage of total count
 G = Total turns spent on level
                    A         B        C        D         E        F      G
               +---------+---------+-------+---------+---------+-------+---------
         Total |       0 |   33264 |   0.0 |       0 |     368 |   0.0 | 19715
               +---------+---------+-------+---------+---------+-------+---------
           D:1 |       0 |      42 |   0.0 |       0 |      27 |   0.0 |   827
           D:2 |       0 |      79 |   0.0 |       0 |      23 |   0.0 |  1334
           D:3 |       0 |     184 |   0.0 |       0 |      30 |   0.0 |  1191
           D:4 |       0 |     414 |   0.0 |       0 |      23 |   0.0 |  1137
           D:5 |       0 |     579 |   0.0 |       0 |      10 |   0.0 |   792
           D:6 |       0 |    1275 |   0.0 |       0 |      27 |   0.0 |  2094
           D:7 |       0 |    2148 |   0.0 |       0 |      26 |   0.0 |  1837
           D:8 |       0 |    1658 |   0.0 |       0 |      46 |   0.0 |  1828
           D:9 |       0 |    1564 |   0.0 |       0 |      15 |   0.0 |   968
          D:10 |       0 |    3559 |   0.0 |       0 |      45 |   0.0 |  1410
          D:11 |       0 |    5040 |   0.0 |       0 |      26 |   0.0 |  1994
          D:12 |       0 |     567 |   0.0 |       0 |       7 |   0.0 |   208
        Lair:1 |       0 |    6177 |   0.0 |       0 |      20 |   0.0 |  1591
        Lair:2 |       0 |    1066 |   0.0 |       0 |       5 |   0.0 |   608
        Lair:3 |       0 |    7582 |   0.0 |       0 |      36 |   0.0 |  1403
        Lair:4 |       0 |      84 |   0.0 |       0 |       1 |   0.0 |    52
           Lab |       0 |    1246 |   0.0 |       0 |       1 |   0.0 |   163
               +---------+---------+-------+---------+---------+-------+---------
